 Dungeon Crawl Stone Soup version 0.29.0-5-ge4962eb29e (webtiles) character file.

Game seed: 14886201472145304004

42 Strat the Digger (level 4, -3/35 HPs)
             Began as a Meteoran Earth Elementalist on Aug 28, 2022.
             Slain by an ogre
             ... wielding a +0 giant club
              (15 damage)
             ... on level 5 of the Dungeon.
             The game lasted 00:06:55 (891 turns).

Strat the Digger (Meteoran Earth Elementalist)       Turns: 891, Time: 00:06:57

Health: -3/35      AC:  6    Str:  9    XL:     4   Next: 3%
Magic:  6/9        EV: 10    Int: 19    God:
Gold:   130        SH:  0    Dex: 14    Spells: 7/8 levels left

rFire   . . .      SeeInvis .   a - +1 short sword
rCold   . . .      Faith    .   (no shield)
rNeg    . . .      Spirit   .   d - +1 ring mail {Will+}
rPois   .          Reflect  .   (no helmet)
rElec   .          Harm     .   (no cloak)
rCorr   .          Rampage  .   (no gloves)
Will    +....                   (no boots)
Stlth   +.........              (no amulet)
HPRegen 0.11/turn               (no ring)
MPRegen 0.11/turn               (no ring)

@: glowing
A: sense surroundings 1, otherworldly, glowing, explore regen
a: no special abilities


You were on level 5 of the Dungeon.
You visited 1 branch of the dungeon, and saw 5 of its levels.

You collected 130 gold pieces.

Inventory:

Hand Weapons
 a - a +1 short sword (weapon)
 c - a +0 dagger
Missiles
 h - 9 poisoned darts
Armour
 d - a +1 ring mail of willpower (worn)
 e - a +0 robe
Jewellery
 j - a ring of resist corrosion
Wands
 l - a wand of roots (4)
Scrolls
 p - a scroll of vulnerability
Potions
 b - 2 potions of magic
 f - a potion of lignification
 g - 2 potions of mutation {unknown}
 i - a potion of might {unknown}
 k - 2 potions of curing {unknown}
 r - a potion of attraction {unknown}


   Skills:
 + Level 1.6 Fighting
 + Level 0.0 Armour
 - Level 2.4 Dodging
 - Level 1.4 Stealth
 - Level 2.6 Spellcasting
 - Level 1.2 Transmutations
 * Level 4.9 Earth Magic


You had 7 spell levels left.
You knew the following spells:

 Your Spells              Type           Power      Damage    Failure   Level
a - Sandblast             Erth           42%        2d11      6%          1

Your spell library contained the following spells:

 Spells                   Type           Power      Damage    Failure   Level
 Passwall                 Tmut/Erth      11%        N/A       19%         2
 Stone Arrow              Conj/Erth      22%        3d8       43%         3
 Petrify                  Tmut/Erth      14%        N/A       77%         4


Dungeon Overview and Level Annotations

Branches:
Dungeon (5/15) Zot: 2083
 Temple: D:4-7

Altars:
Qazlal

Annotations:
D:4 Pikel


Innate Abilities, Weirdness & Mutations

You passively map a small area around you.
You are easily found by Zot.
You glow in the dark.
You regain HP and MP as you explore.


Message History

The ogre shouts!
Found a scroll labelled HANKILEYRI.
A water moccasin comes into view.
The water moccasin hisses angrily.
Casting: Sandblast (safe; 6% risk of failure)
Confirm with . or Enter, or press ? or * to list all spells.
Aiming: Sandblast (safe; 6% risk of failure)
Press: ? - help, Shift-Dir - straight line, f - ogre
Aim: an ogre, wielding a +0 giant club (92% to hit)
The blast of sand hits the ogre.
The ogre is moderately wounded.
The ogre closely misses you.
Casting: Sandblast (safe; 6% risk of failure)
Confirm with . or Enter, or press ? or * to list all spells.
Aiming: Sandblast (safe; 6% risk of failure)
Press: ? - help, Shift-Dir - straight line, f/p - ogre
Aim: an ogre, wielding a +0 giant club (moderately wounded, 92% to hit)
The blast of sand hits the ogre.
The ogre is moderately wounded.
The ogre barely misses you.
Casting: Sandblast (safe; 6% risk of failure)
Confirm with . or Enter, or press ? or * to list all spells.
Aiming: Sandblast (safe; 6% risk of failure)
Press: ? - help, Shift-Dir - straight line, f/p - ogre
Aim: an ogre, wielding a +0 giant club (moderately wounded, 92% to hit)
The blast of sand hits the ogre!
The ogre is severely wounded.
The ogre hits you with a +0 giant club!!
Ouch! That really hurt!
* * * LOW HITPOINT WARNING * * *
Casting: Sandblast (safe; 6% risk of failure)
Confirm with . or Enter, or press ? or * to list all spells.
Aiming: Sandblast (safe; 6% risk of failure)
Press: ? - help, Shift-Dir - straight line, f/p - ogre
Aim: an ogre, wielding a +0 giant club (severely wounded, 92% to hit)
The blast of sand misses the ogre.
The blast of sand hits the water moccasin!
The water moccasin is severely wounded.
The ogre hits you with a +0 giant club!
You die...

#############
#.....#.....#
#.###.#.###.#
#.#...#.# #.#########
#.###.#.# #@##......
#..<....# #O##....# *
###.#.### #S##.?..# ,
...#>.. #.##....# ,
#......#.##.##....#
##............S...#
** *
......#.##...........
, #.......
############
#........ ,


You could see a water moccasin and an ogre.

Vanquished Creatures
  A lemure (D:3)
  A worm (D:3)
  7 ball pythons
  2 endoplasms
  A giant cockroach (D:3)
  4 goblins
  5 hobgoblins
  A kobold (D:1)
  2 quokkas
  4 bats
  A frilled lizard (D:1)
  7 rats
36 creatures vanquished.

Notes
Turn   | Place    | Note
-------+----------+-------------------------------------------
     0 | D:1      | Strat the Meteoran Earth Elementalist began the quest for
                  | the Orb.
     0 | D:1      | Reached XP level 1. HP: 14/14 MP: 5/5
    49 | D:1      | Found a faded altar of an unknown god.
    67 | D:1      | Reached skill level 4 in Earth Magic
    67 | D:1      | Reached XP level 2. HP: 20/22 MP: 3/6
    83 | D:1      | Reached skill level 1 in Fighting
   197 | D:1      | Reached XP level 3. HP: 25/28 MP: 5/8
   409 | D:2      | Found a stormy altar of Qazlal.
   620 | D:4      | Noticed Pikel
   620 | D:4      | Noticed a lemure
   620 | D:4      | Noticed a lemure
   620 | D:4      | Noticed a lemure
   620 | D:4      | Noticed a lemure
   640 | D:3      | Killed a lemure
   648 | D:3      | Reached XP level 4. HP: 7/35 MP: 3/9
   836 | D:4      | Noticed an ogre
   850 | D:5      | Entered Level 5 of the Dungeon
   877 | D:5      | Noticed an ogre
   879 | D:5      | Noticed a water moccasin
   891 | D:5      | Slain by an ogre

Illustrated notes

Levels and vault maps discovered:
D:1:      giann_bridges, layout_basic, chequers_ecumenical_altar_island,
          minmay_cupped
D:2:      layout_basic, basic_altar, uniq_terence
D:3:      layout_basic, serial_bayou_crossing
D:4:      layout_basic, uniq_pikel, uniq_edmund
D:5:      layout_basic, minitemple, minmay_temple_entry_drinking_statues,
          chequers_ossuary_entry_cave, gammafunk_ghost_icy

Skill      XL: |  1  2 |
---------------+-------+-----
Earth Magic    | 4 |  4.9
Fighting       | 1 |  1.6
Dodging        | |  2.4
Stealth        | |  1.4
Spellcasting   | |  2.6
Transmutations | |  1.2

Action                   |  1- 3 |  4- 6 || total
-------------------------+-------+-------++-------
Melee: Dagger            |    32 |       ||    32
       Punch             |     2 |       ||     2
       Short sword       |     8 |     3 ||    11
 Cast: Sandblast         |    39 |     6 ||    45
  Use: Scroll            |     2 |     6 ||     8
 Stab: Sleeping          |     1 |       ||     1
Armor: Robe              |    17 |       ||    17
       Ring mail         |     5 |     2 ||     7
Dodge: Dodged            |    42 |     2 ||    44
